 Dungeon Crawl Stone Soup version 0.28.0-43-g3370ac3207 (webtiles) character file.

Game seed: 17445791835507017719

1103 issech the Cudgeller (level 8, -2/79 HPs)
             Began as a Troll Monk on Mar 14, 2022.
             Slain by a sky beast (5 damage)
             ... on level 5 of the Dungeon.
             The game lasted 00:19:40 (3957 turns).

issech the Cudgeller (Troll Monk)                   Turns: 3957, Time: 00:19:41

Health: -2/79      AC:  4    Str: 20    XL:     8   Next: 11%
Magic:  7/7        EV: 11    Int:  6    God:
Gold:   261        SH:  0    Dex: 14    Spells: 7/7 levels left

rFire   . . .      SeeInvis .   A - +0 giant club
rCold   . . .      Faith    .   (shield currently unavailable)
rNeg    . . .      Spirit   .   k - +0 animal skin
rPois   .          Reflect  .   (helmet restricted)
rElec   .          Harm     .   (no cloak)
rCorr   .          Rampage  .   (gloves unavailable)
Will    ++...                   (boots unavailable)
Stlth   ++........              (no amulet)
HPRegen 1.03/turn               e - ring of willpower
MPRegen 0.10/turn               o - ring of willpower

@: no status effects
A: large, unfitting armour, claws 3, regeneration 1, shaggy fur 1, tough skin 1
a: no special abilities


You were on level 5 of the Dungeon.
You visited 1 branch of the dungeon, and saw 5 of its levels.

You collected 261 gold pieces.

Inventory:

Hand Weapons
 a - a +0 mace
 i - a +2 vampiric dagger
 j - a +2 mace of holy wrath
 p - a +0 flail
 A - a +0 giant club (weapon)
Missiles
 g - 148 stones (quivered)
 m - 33 arrows
 q - 2 boomerangs
 v - 2 throwing nets
 y - 3 poisoned darts
Armour
 b - a +0 robe
 k - a +0 animal skin (worn)
Jewellery
 e - a ring of willpower (left claw)
 o - a ring of willpower (right claw)
 x - a ring of magical power
Scrolls
 d - 2 scrolls of teleportation {unknown}
 h - 3 scrolls of magic mapping {unknown}
 l - a scroll of enchant weapon {unknown}
 n - a scroll of fear {unknown}
 r - 2 scrolls of identify {unknown}
 s - a scroll of noise {unknown}
 w - a scroll of blinking {unknown}
 D - a scroll of torment {unknown}
 E - a scroll of amnesia {unknown}
 F - a scroll of vulnerability {unknown}
Potions
 f - a potion of lignification {unknown}
 t - a potion of haste {unknown}
 u - 2 potions of degeneration {unknown}
 z - a potion of attraction {unknown}
 B - a potion of invisibility {unknown}
 C - a potion of curing {unknown}


   Skills:
 + Level 4.4 Fighting
 + Level 6.9 Maces & Flails
 + Level 4.4 Dodging
 + Level 1.4 Stealth


You had 7 spell levels left.
You didn't know any spells.
Your spell library contained the following spells:

 Spells                   Type           Power      Damage    Failure   Level
 Beastly Appendage        Tmut           0%         N/A       45%         1
 Wereblood                Tmut           0%         N/A       58%         2
 Inner Flame              Hex/Fire       0%         N/A       83%         3
 Spider Form              Tmut/Pois      0%         N/A       83%         3
 Airstrike                Air            0%         N/A       99%         4
 Cause Fear               Hex            0%         N/A       99%         4
 Hailstorm                Conj/Ice       0%         3d3       99%         4
 Ice Form                 Ice/Tmut       0%         N/A       99%         4
 Summon Lightning Spire   Summ/Air       0%         N/A       99%         4
 Lightning Bolt           Conj/Air       0%         1d11      100%        5
 Dispersal                Tloc           0%         N/A       100%        6
 Simulacrum               Ice/Necr       0%         N/A       100%        6
 Discord                  Hex            0%         N/A       100%        8
 Disjunction              Tloc           0%         N/A       100%        8


Dungeon Overview and Level Annotations

Branches:
Dungeon (5/15)
 Temple: D:4-7

Altars:
Fedhas
Nemelex Xobeh
Ru
Sif Muna
Uskayaw
Zin


Innate Abilities, Weirdness & Mutations

You are too large for most types of armour.
You have claws for hands.
Your natural rate of healing is unusually fast.
You are covered in fur. (AC +1)
You have tough skin. (AC +1)


Message History

You barely miss the water moccasin.
The water moccasin is almost dead.
The water moccasin bites you but does no damage.
The water moccasin bites you.
The sky beast flickers out of sight!
Deactivating autopickup; reactivate with Ctrl-A.
You bludgeon the water moccasin!!
You kill the water moccasin!
You barely miss something. Something hits you but does no damage.
You barely miss something.
Something hits you but does no damage. x2
You miss something. Something hits you. Something shocks you.
You miss something. Something hits you. Something shocks you.
You barely miss something. Something hits you. Something shocks you.
You closely miss something.
Something hits you but does no damage. x2
You miss something. Something hits you but does no damage.
You barely miss something. Something hits you but does no damage.
You barely miss something. Something hits you but does no damage.
You miss something. Something hits you. Something shocks you.
Something hits you.
* * * LOW HITPOINT WARNING * * *
Something shocks you.
* * * LOW HITPOINT WARNING * * *
You closely miss something. Something hits you.
* * * LOW HITPOINT WARNING * * *
Something shocks you.
* * * LOW HITPOINT WARNING * * *
You barely miss something. Something hits you.
* * * LOW HITPOINT WARNING * * *
Something shocks you.
* * * LOW HITPOINT WARNING * * *
You hit something. Something hits you but does no damage.
You miss something.
Something hits you but does no damage. x2
You miss something. Something hits you.
* * * LOW HITPOINT WARNING * * *
Something shocks you.
* * * LOW HITPOINT WARNING * * *
As you read the scroll labelled YMADOL CAUKKA, it crumbles to dust.
The scroll dissolves into smoke.
It was a scroll of fog.
Something hits you.
* * * LOW HITPOINT WARNING * * *
Something shocks you.
You die...

#...# .## #.8.+ #..
############...#?.#
#..........#...#.#
##......##.'.8.'# #
#####.g.Sz#.S.#..##
#..####...#...#
#.gz{##.8.†# ..#
##.†##@#...## .'.
##...############### #
#
#.#..####.##.##).#.#.#
#
#.#..........##..#..#
#.#...###.#........#
##....##.#..##...#..#
#
##...#.###.#.#..###.#
# #....#
........####.#. #...##
.#.####.......#


You could see a wight.

Vanquished Creatures
  A water moccasin (D:5)
  2 ogres (D:5)
  A bullfrog (D:5)
  A scorpion (D:5)
  2 water moccasin zombies (D:5)
  A bullfrog zombie (D:3)
  A hound (D:5)
  An orc priest (D:3)
  A centaur skeleton (D:5)
  A bullfrog skeleton (D:5)
  3 iguanas (D:5)
  An orc wizard (D:3)
  A hound skeleton (D:5)
  Robin (D:2)
  6 gnolls
  12 adders
  An ufetubus (D:5)
  7 worms
  4 dart slugs
  11 orcs
  9 ball pythons
  6 bats
  8 endoplasms
  5 giant cockroaches
  18 goblins
  8 hobgoblins
  6 jackals
  5 kobolds
  6 quokkas
  3 frilled lizards
  4 rats
137 creatures vanquished.

Vanquished Creatures (others)
  6 fungi (D:5)
  4 plants (D:5)
10 creatures vanquished.

Grand Total: 147 creatures vanquished

Notes
Turn   | Place    | Note
-------+----------+-------------------------------------------
     0 | D:1      | issech the Troll Monk began the quest for the Orb.
     0 | D:1      | Reached XP level 1. HP: 22/22 MP: 0/0
   183 | D:1      | Reached XP level 2. HP: 29/29 MP: 1/1
   242 | D:1      | Reached skill level 3 in Maces & Flails
   663 | D:2      | Reached XP level 3. HP: 36/36 MP: 2/2
   895 | D:2      | Found a sacrificial altar of Ru.
   897 | D:2      | Noticed Robin
   927 | D:2      | Reached XP level 4. HP: 25/44 MP: 3/3
   988 | D:2      | Killed Robin
  1230 | D:2      | Found a faded altar of an unknown god.
  1623 | D:3      | Reached skill level 4 in Maces & Flails
  1649 | D:3      | Reached XP level 5. HP: 48/53 MP: 4/4
  1965 | D:3      | Reached XP level 6. HP: 50/61 MP: 5/5
  2005 | D:3      | Found a glowing silver altar of Zin.
  2345 | D:3      | Found a hide-covered altar of Uskayaw.
  2357 | D:3      | Found a shimmering blue altar of Sif Muna.
  2810 | D:4      | Found a sparkling altar of Nemelex Xobeh.
  3269 | D:5      | Entered Level 5 of the Dungeon
  3334 | D:5      | Reached skill level 5 in Maces & Flails
  3393 | D:5      | Reached XP level 7. HP: 33/68 MP: 6/6
  3624 | D:5      | Reached skill level 6 in Maces & Flails
  3707 | D:5      | Found a blossoming altar of Fedhas.
  3934 | D:5      | Reached XP level 8. HP: 53/78 MP: 7/7
  3956 | D:5      | HP: 3/79 [something (6)]
  3957 | D:5      | Slain by a sky beast

Illustrated notes

Levels and vault maps discovered:
D:1:      zelgadis_glass_arrival_large, layout_rooms
D:2:      cheibrodos_helix_gallery, layout_basic,
          ebering_ecumenical_altar_sacrificial, basic_altar, amethyst_killhole,
          uniq_robin
D:3:      layout_basic, mainiacjoe_overflow_catwalk_spiral,
          mainiacjoe_overflow_brackets, nicolae_wormholes
D:4:      layout_basic, nemelex_diamond_rough_becter
D:5:      minmay_chambers_of_threes, layout_loops_ring,
          mainiacjoe_overflow_alcove_1, fedhas_altar_3,
          minmay_temple_entry_overgrown

Skill      XL: |  1  2  3  4  5  6  7 |
---------------+----------------------+-----
Maces & Flails | 3 4 5 6 |  6.9
Dodging        | 3 4 |  4.4
Fighting       | 3 4 |  4.4
Stealth        | |  1.4

Action                   |  1- 3 |  4- 6 |  7- 9 || total
-------------------------+-------+-------+-------++-------
Melee: Mace              |   110 |   137 |       ||   247
       Punch             |     1 |     4 |       ||     5
       Flail             |       |   234 |     8 ||   242
       Giant club        |       |       |   107 ||   107
  Use: Scroll            |       |       |     1 ||     1
 Stab: Sleeping          |     1 |     1 |       ||     2
Armor: Robe              |    60 |   119 |       ||   179
       Animal skin       |       |    30 |    45 ||    75
Dodge: Dodged            |    79 |   223 |    92 ||   394
